 Dungeon Crawl Stone Soup version 0.17.1-3-g152610e (webtiles) character file.

183 hannobal the Twirler (level 5, -2/41 HPs)
             Began as a Demigod Gladiator on Mar 11, 2016.
             Killed from afar by Ijyb (22 damage)
             ... with a wand of fire
             ... on level 3 of the Dungeon.
             The game lasted 00:08:28 (3189 turns).

hannobal the Twirler (Demigod Gladiator)            Turns: 3189, Time: 00:08:28

Health: -2/41      AC:  1    Str: 20    XL:     5   Next: 13%
Magic:  7/7        EV: 13    Int: 12    God:
Gold:   170        SH:  0    Dex: 16    Spells: 0 memorised, 4 levels left

rFire  . . .     SeeInvis .     a - +1 quarterstaff
rCold  . . .     Clarity  .     (no armour)
rNeg   . . .     SustAt   +     (shield currently unavailable)
rPois  .         Gourm    .     c - +0 helmet
rElec  .         Spirit   .     (no cloak)
rCorr  .         Warding  .     (no gloves)
rMut   .         Stasis   .     (no boots)
MR     .....                    (no amulet)
Stlth  +.........               (no ring)
                                (no ring)

@: not resistant to hostile enchantments, very unstealthy
A: high mp 1, sustain attributes
a: no special abilities


You were on level 3 of the Dungeon.
You were not hungry.

You visited 1 branch of the dungeon, and saw 3 of its levels.

You collected 170 gold pieces.

Inventory:

Hand Weapons
 a - a +1 quarterstaff (weapon)
 l - a +2 short sword of draining
Missiles
 d - 56 stones
 h - a throwing net (quivered)
 o - 21 arrows
 p - 13 poisoned sling bullets
Armour
 b - a +0 leather armour
 c - a +0 helmet (worn)
 g - a +0 ring mail
 q - a +0 scale mail
Scrolls
 k - 4 scrolls of identify
 m - 2 scrolls of recharging
 r - a scroll of enchant weapon
Potions
 f - a potion of curing
Comestibles
 e - 2 bread rations
 i - 2 meat rations
 j - a royal jelly


   Skills:
 - Level 1.7 Fighting
 + Level 5.5 Staves
 - Level 1.7 Throwing
 - Level 2.6 Dodging


You had 4 spell levels left.
You didn't know any spells.

Dungeon Overview and Level Annotations

Branches:
Dungeon (3/15)

Annotations:
D:3 Ijyb


Innate Abilities, Weirdness & Mutations

You have an increased reservoir of magic (+10% MP).
Your attributes are resistant to harm.


Message History

The helpless Ijyb fails to defend himself.
You hit Ijyb.
Ijyb is lightly wounded.
Ijyb zaps a wand.
The bolt of fire hits you!
It is a wand of fire.
You hit Ijyb but do no damage.
Ijyb is lightly wounded.
Ijyb screams, "You nasty!
Big nasty!"
Ijyb zaps a wand.
The bolt of fire misses you.
You completely miss Ijyb.
Ijyb is lightly wounded.
Ijyb zaps a wand.
The bolt of fire hits you!
* * * LOW HITPOINT WARNING * * *
Drink which item? (? for menu, Esc to quit)
Okay, then.
Read which item? (? for menu, Esc to quit)
Okay, then.
Drink which item? (? for menu, Esc to quit)
You feel better.
Ijyb zaps a wand.
The bolt of fire hits you!
Ouch! That really hurt!
You die...

##....# ### ### ##..##.# #..
..# #..##... #.# #.# #.##....
####.# #.# #.#..... #...#
#....# #.#####.#..._.
##...##.#....###.......#.....
......................##....
#...##.#...@#########..##...
######...# #...g# #...####
.........# #....# #.#.####
#######..## ####.# #.#.##..
..........# # #.# #.#.##.#
.........##.# #.# #.#.##.#
###.####.......... ..#.##.#
....####.########. ##
#.#.#...
.....................
#.#.#.#..#


You could see Ijyb.

Vanquished Creatures
  The ghost of dearth the Sneak, a weakling SpEn (D:3)
  An orc wizard (D:3)
  6 adders
  An ooze (D:2)
  2 worms
  2 orcs (D:3)
  9 bats
  6 goblins
  10 hobgoblins
  4 jackals (D:2)
  8 kobolds
  A quokka (D:3)
  A giant gecko (D:2)
  3 giant newts
  6 rats
61 creatures vanquished.

Notes
Turn   | Place    | Note
--------------------------------------------------------------
     0 | D:1      | hannobal the Demigod Gladiator began the quest for the Orb.
     0 | D:1      | Reached XP level 1. HP: 17/17 MP: 3/3
   139 | D:1      | Reached skill level 3 in Staves
   273 | D:1      | Reached XP level 2. HP: 24/24 MP: 4/4
   933 | D:2      | Reached XP level 3. HP: 29/29 MP: 5/5
   940 | D:2      | Reached skill level 4 in Staves
  1676 | D:2      | Reached XP level 4. HP: 29/36 MP: 6/6
  2193 | D:3      | Found a glowing silver altar of Zin.
  2481 | D:3      | Reached skill level 5 in Staves
  2529 | D:3      | Noticed dearth's ghost (weakling SpEn)
  2540 | D:3      | Killed dearth's ghost
  2809 | D:3      | Reached XP level 5. HP: 33/41 MP: 7/7
  3160 | D:3      | Found a burning altar of Makhleb.
  3184 | D:3      | Noticed Ijyb
  3189 | D:3      | Killed from afar by Ijyb

Action                   |  1- 3 |  4- 6 || total
-------------------------+-------+-------++-------
Melee: Quarterstaff      |   116 |    72 ||   188
Throw: Throwing net      |     3 |     2 ||     5
       Stone             |    13 |    10 ||    23
  Use: Scroll            |     4 |     3 ||     7
       Potion            |     3 |     2 ||     5
 Stab: Held in net/web   |     1 |     1 ||     2
       Sleeping          |     1 |     1 ||     2
  Eat: Chunk             |     2 |     5 ||     7
